 Dungeon Crawl Stone Soup version 0.31-a0-949-g57150269e1 (webtiles) character file.

Game seed: 9791417828517815441

87 demibob the Cutter (level 4, -5/27 HPs)
             Began as a Deep Elf Chaos Knight on Oct 23, 2023.
             Was a Plaything of Xom.
             Slain by a guardian serpent (shapeshifter) (22 damage)
             ... on level 3 of the Dungeon.
             The game lasted 00:03:03 (1661 turns).

demibob the Cutter (Deep Elf Chaos Knight)          Turns: 1661, Time: 00:03:04

Health: -5/27      AC:  7    Str: 15    XL:     4   Next: 28%
Magic:  11/11      EV: 12    Int: 19    God:    Xom [.....*]
Gold:   134        SH:  0    Dex: 14    Spells: 10/10 levels left

rFire   . . .        a - +0 short sword (chaos)
rCold   . . .        (no shield)
rNeg    . . .        b - +3 leather armour
rPois   .            e - +0 helmet
rElec   .            (no cloak)
rCorr   .            (no gloves)
SInv    .            (no boots)
Will    .....        (no amulet)
Stlth   +            S - +6 ring of strength
HPRegen 0.24/turn    (no ring)
MPRegen 0.12/turn

%: no passive effects
@: no status effects
A: no striking features
a: Renounce Religion


You were on level 3 of the Dungeon.
You worshipped Xom.
You were Xom's teddy bear.
You visited 1 branch of the dungeon, and saw 3 of its levels.

You collected 134 gold pieces.


   Skills:
 - Level 2.4 Fighting
 + Level 4.2 Short Blades
 - Level 0.7 Armour
 - Level 2.4 Dodging
 + Level 3.6 Spellcasting


You had 10 spell levels left.
You didn't know any spells.
Your spell library was empty.

Inventory:

Hand Weapons
 a - a +0 short sword of chaos (weapon)
Armour
 b - a +3 leather armour (worn)
 d - the +2 buckler "Dokh" {Harm Drain rElec Str+4}
   (You found it on level 2 of the Dungeon)

   Str+4:     It affects your strength (+4).
   rElec:     It insulates you from electricity.
   Drain:     It drains your maximum health when unequipped.
   Harm:      It increases damage dealt and taken.
 e - a +0 helmet (worn)
Jewellery
 f - an amulet of regeneration
 C - a ring of ice
 S - a +6 ring of strength (left hand)
Scrolls
 c - a scroll of butterflies
 g - a scroll of blinking {unknown}

Dungeon Overview and Level Annotations

Branches:
Dungeon (3/15)

Altars:

#..##...............
8..#............#..###
## #$.........!.#
...#####
#....#....##.###.......
#....#.......).......#
#........#...####.####
#....#...##.........
#.####.#.##...........
#? #.#.#..@.(........
#.#....)S...... #.
#............
#!$..........
#............
#............
#............
#........?...


You could see a guardian serpent shaped shifter.


Message History

You hit the kobold.
The kobold is poisoned.
The kobold is moderately wounded.
The kobold barely misses you.
You hit the kobold. You freeze the kobold.
You kill the kobold!
You hit the ball python.
You kill the ball python!
Items here: )))) [ †††.
A kobold comes into view. It is wielding a +0 dagger.
Unknown command.
The kobold shouts!
The kobold throws a stone.
The stone hits you but does no damage.
A rat comes into view.
The kobold throws a stone.
The stone hits you but does no damage.
Found a scroll labelled LOQIRENONYG.
You hit the kobold.
The kobold is poisoned.
The kobold is severely wounded.
The kobold hits you but does no damage.
You hit the kobold.
You kill the kobold!
You hit the rat.
The rat changes into a shapeshifter!
You punch the shapeshifter.
The shapeshifter is lightly wounded.
The shapeshifter changes into a guardian serpent!
You hit the guardian serpent but do no damage.
You hit the guardian serpent but do no damage.
The guardian serpent barely misses you. The guardian serpent hits you!!
Ouch! That really hurt!
You die...
Xom snickers!

Skill      XL: |  1  2  3 |
---------------+----------+-----
Spellcasting   | 1 2 3 |  3.6
Short Blades   | 4 |  4.2
Fighting       | |  2.4
Armour         | |  0.7
Dodging        | |  2.4

Action                     |  1- 3 |  4- 6 || total
---------------------------+-------+-------++-------
  Melee: Short sword       |   157 |    50 ||   207
         Punch             |       |     3 ||     3
    Use: Scroll            |     4 |       ||     4
   Stab: Sleeping          |     1 |       ||     1
 Armour: Leather armour    |    90 |    14 ||   104
  Dodge: Dodged            |    86 |    23 ||   109

Levels and vault maps discovered:
D:1:      minmay_arrival_four_circles, layout_loops_ring, grunt_decor_cap,
          minmay_curled_crystal
D:2:      layout_basic, uniq_robin
D:3:      layout_rooms, shapermc_ecumenical_altar_mp_vishouse,
          uniq_crazy_yiuf_cottage

Notes
Turn   | Place    | Note
-------+----------+-------------------------------------------
     0 | D:1      | demibob the Deep Elf Chaos Knight began the quest for the
                  | Orb.
     0 | D:1      | Reached XP level 1. HP: 13/13 MP: 3/3
     5 | D:1      | XOM: butterfly on damage
    25 | D:1      | XOM: butterfly on damage
    41 | D:1      | XOM: divination: detect creatures
   113 | D:1      | Reached skill level 1 in Spellcasting
   210 | D:1      | XOM: silly message
   215 | D:1      | Reached XP level 2. HP: 18/18 MP: 4/6
   222 | D:1      | XOM: divination: detect items
   327 | D:1      | XOM: silly message
   336 | D:1      | Reached skill level 2 in Spellcasting
   436 | D:1      | XOM: destruction
   696 | D:1      | XOM: god gift: 8 gold pieces
   699 | D:1      | Reached XP level 3. HP: 22/22 MP: 8/8
   727 | D:1      | XOM: 6-stop teleportation journey
   810 | D:1      | XOM: scenery: summon butterflies
   823 | D:2      | Identified the +2 buckler "Dokh" {Harm Drain rElec Str+4}
   873 | D:2      | Noticed Robin
   900 | D:2      | Killed Robin
   903 | D:2      | Reached skill level 3 in Spellcasting
   931 | D:2      | XOM: polymorph goblin -> jackal
  1128 | D:2      | XOM: 1-stop teleportation journey
  1143 | D:2      | Reached skill level 4 in Short Blades
  1440 | D:2      | Reached XP level 4. HP: 27/27 MP: 11/11
  1457 | D:2      | XOM: god gift: 28 gold pieces
  1659 | D:3      | a rat changed into a shapeshifter
  1659 | D:3      | Noticed a shapeshifter (shapeshifter)
  1659 | D:3      | a shapeshifter changed into a guardian serpent
  1659 | D:3      | Noticed a guardian serpent (shapeshifter)
  1661 | D:3      | Slain by a guardian serpent (shapeshifter)

Vanquished Creatures
  Robin (D:2)
  2 dart slugs
  3 orcs (D:3)
  6 endoplasms
  2 giant cockroaches (D:2)
  5 hobgoblins
  6 jackals
  A quokka (D:1)
  6 ball pythons
  2 bats
  4 frilled lizards
  15 goblins
  4 kobolds
  4 rats
61 creatures vanquished.

Vanquished Creatures (others)
  A jackal (D:1)
1 creature vanquished.

Grand Total: 62 creatures vanquished

Table legend: (Time is in decaauts)
 A = Elapsed time spent in this place.
 B = Non-inter-level travel time spent in this place.
 C = Inter-level travel time spent in this place.
 D = Time resting spent in this place.
 E = Time spent auto-exploring this place.
 F = Levels seen in this place.
 G = Mean time per level.
                   A        B        C        D        E       F      G
               +--------+--------+--------+--------+--------+-----+--------+
         Total |   1623 |   1580 |     43 |     83 |   1124 |   3 |  541.0 |
       Dungeon |   1623 |   1580 |     43 |     83 |   1124 |   3 |  541.0 |
               +--------+--------+--------+--------+--------+-----+--------+

Top non-repeatable levels by time:
     D:1: 889 daAuts
     D:2: 668 daAuts
     D:3: 65 daAuts

Table legend:
 A = Non-vault XP
 B = Vault XP
 C = Vault XP percentage of total XP
 D = Non-vault monster count
 E = Vault monster count
 F = Vault count percentage of total count
                 A         B        C        D         E       F
            +---------+---------+-------+---------+---------+-------
      Total |      90 |      35 |  28.0 |      50 |      11 |  18.0
            +---------+---------+-------+---------+---------+-------
        D:1 |      43 |       0 |   0.0 |      25 |       0 |   0.0
        D:2 |      24 |      35 |  59.3 |      12 |      11 |  47.8
        D:3 |      23 |       0 |   0.0 |      13 |       0 |   0.0
            +---------+---------+-------+---------+---------+-------
